 Dungeon Crawl Stone Soup version 0.31-a0-236-g9a0961fb85 (webtiles) character file.

Game seed: 3246179549540453384

36 qw the Shooter (level 3, -2/21 HPs)
             Began as a Gargoyle Hexslinger on July 10, 2023.
             Slain by Sigmund
             ... wielding a +7 scythe of pain
              (13 damage)
             ... on level 2 of the Dungeon.
             The game lasted 00:00:23 (1188 turns).

qw the Shooter (Gargoyle Hexslinger)                Turns: 1188, Time: 00:00:24

Health: -2/21      AC:  8    Str: 11    XL:     3   Next: 37%
Magic:  4/4        EV: 10    Int: 13    God:
Gold:   82         SH:  0    Dex: 14    Spells: 3/4 levels left

rFire   . . .        Y - +1 sling
rCold   . . .        (no shield)
rNeg    + . .        g - +0 ring mail
rPois   inf          (no helmet)
rElec   +            (no cloak)
rCorr   .            (no gloves)
SInv    .            (no boots)
Will    .....        (no amulet)
Stlth   +            (no ring)
HPRegen 0.23/turn    (no ring)
MPRegen 0.09/turn

%: no passive effects
@: no status effects
A: sickness immunity, AC +3, negative energy resistance 1, electricity
resistance, torment resistance 1, petrification resistance
a: no special abilities


You were on level 2 of the Dungeon.
You visited 1 branch of the dungeon, and saw 2 of its levels.

You collected 82 gold pieces.


Innate Abilities, Weirdness & Mutations

You are immune to sickness and miasma.
Your stone body is resilient. (AC +3)
You are immune to poison.
You resist negative energy. (rN+)
You are resistant to electric shocks. (rElec)
You are resistant to unholy torment.
You are immune to petrification.


   Skills:
 - Level 2.0 Fighting
 + Level 3.3 Ranged Weapons
 - Level 1.5 Dodging
 - Level 1.0 Spellcasting
 - Level 2.6 Hexes


You had 3 spell levels left.
You knew the following spells:

 Your Spells              Type           Power      Damage    Failure   Level
a - Slow                  Hex            28%        N/A       22%         1

Your spell library contained the following spells:

 Spells                   Type           Power      Damage    Failure   Level
 Inner Flame              Hex/Fire       4%         N/A       75%         3
 Portal Projectile        Hex/Tloc       8%         N/A       75%         3
 Cause Fear               Hex            3%         N/A       92%         4

Inventory:

Hand Weapons
 Y - a +1 sling (weapon)
Armour
 g - a +0 ring mail (worn)
Jewellery
 a - a +6 ring of dexterity
Scrolls
 d - a scroll of identify {unknown}
Potions
 b - a potion of cancellation {unknown}
 c - a potion of attraction {unknown}

Dungeon Overview and Level Annotations

Branches:
Dungeon (2/15)

Altars:

Annotations:
D:2 Sigmund


Message History

Sigmund is wielding a +7 scythe of pain.
Sigmund shouts!
The jackal barks!
A bat comes into view.
A worm comes into view.
Enter note:
Enter note: You shoot a sling bullet.
The sling bullet hits the bat.
The bat is moderately wounded.
A jackal comes into view.
The bat hits you but does no damage.
The jackal moves out of view.
You shoot a sling bullet. The sling bullet hits the bat.
You kill the bat!
You shoot a sling bullet.
The sling bullet hits the jackal but does no damage.
The jackal barely misses you.
Sigmund mumbles some strange words.
Sigmund flickers and vanishes!
Deactivating autopickup; reactivate with Ctrl-A.
You hear a bark!
You shoot a sling bullet.
The sling bullet hits the jackal but does no damage.
The jackal barely misses you. The jackal closely misses you.
Something hits you!
You shoot a sling bullet.
The sling bullet hits the jackal but does no damage.
The jackal misses you.
The jackal bites you but does no damage.
You shoot a sling bullet.
The sling bullet barely misses the jackal.
The jackal bites you but does no damage.
Something hits you but does no damage.
The jackal bites you but does no damage.
You shoot a sling bullet.
The sling bullet hits the jackal but does no damage.
Something hits you.
The jackal bites you but does no damage.
You shoot a sling bullet.
The sling bullet barely misses the jackal.
The jackal bites you but does no damage. x2
Something hits you!
Ouch! That really hurt!
You die...

..........# ...(......#
### ....... ..........#
#.. ...$...
#####.###.###.## .......
#####.###...#.#. .......
.........<..#.#.#.......
#####.####..#.#.........
.........#..#.##..$.....
............#...@###
................hh...#
#..###.#...............#
#..# #.###..............
#..# #.. #######...###%.
#..# ... #...# # #..#
... ##### ...#... ..##


You could see 2 jackals.

Vanquished Creatures
  2 dart slugs (D:1)
  3 ball pythons (D:1)
  5 bats
  2 endoplasms (D:1)
  A hobgoblin (D:1)
  A jackal (D:2)
  2 frilled lizards (D:1)
  2 goblins (D:1)
  9 kobolds
  3 rats
30 creatures vanquished.

Notes
Turn   | Place    | Note
-------+----------+-------------------------------------------
     0 | D:1      | qw the Gargoyle Hexslinger began the quest for the Orb.
     0 | D:1      | Reached XP level 1. HP: 12/12 MP: 2/2
     0 | D:1      | 0 ||| qw: Version: 0.3-a-52-g30416fa
     0 | D:1      | 0 ||| qw: Game counter: 4554
     0 | D:1      | 0 ||| qw: Melee chars always use a shield: true
     0 | D:1      | 0 ||| qw: God list: Okawaru
     0 | D:1      | 0 ||| qw: Allow faded altars: false
     0 | D:1      | 0 ||| qw: Do Orc after clearing Dungeon:15 true
     0 | D:1      | 0 ||| qw: Do second Lair branch before Depths: true
     0 | D:1      | 0 ||| qw: Lair rune preference: random
     0 | D:1      | 0 ||| qw: Goals: Normal
     0 | D:1      | 0 ||| PLANNING D:1-11
   165 | D:1      | Reached XP level 2. HP: 12/16 MP: 3/3
   251 | D:1      | 251 ||| Stepping ~*~*~tactically~*~*~ (outnumbered).
   259 | D:1      | Reached skill level 3 in Ranged Weapons
   391 | D:1      | Found a faded altar of an unknown god.
   599 | D:1      | Reached XP level 3. HP: 21/21 MP: 4/4
  1008 | D:1      | 1008 ||| UPGRADING to +0 leather armour.
  1018 | D:1      | 1018 ||| DROPPING +0 robe.
  1019 | D:1      | 1019 ||| UPGRADING to +0 ring mail.
  1029 | D:1      | 1029 ||| DROPPING +0 leather armour.
  1034 | D:1      | 1034 ||| READING scroll labelled PEQIENTO JUEFUPH.
  1035 | D:1      | 1035 ||| READING scroll labelled HOWKOIKLAC.
  1036 | D:1      | 1036 ||| DROPPING scroll of poison.
  1180 | D:2      | Noticed Sigmund
  1188 | D:2      | Slain by Sigmund

Levels and vault maps discovered:
D:1:      lightli_molten_gateway, layout_basic, ebering_ecumenical_altar_rust
D:2:      minmay_skewed_foursquare, layout_basic, uniq_natasha, uniq_sigmund

Skill      XL: |  1  2  3 |
---------------+----------+-----
Ranged Weapons | 3 |  3.3
Fighting       | 2 |  2.0
Dodging        | |  1.5
Spellcasting   | |  1.0
Hexes          | |  2.6

Action                     || total
---------------------------++-------
   Fire: Sling             ||    89
    Use: Scroll            ||     2
 Armour: Robe              ||    16
         Ring mail         ||    10
  Dodge: Dodged            ||    24

Table legend:
 A = Non-vault XP
 B = Vault XP
 C = Vault XP percentage of total XP
 D = Non-vault monster count
 E = Vault monster count
 F = Vault count percentage of total count
                 A         B        C        D         E       F
            +---------+---------+-------+---------+---------+-------
      Total |      52 |       0 |   0.0 |      30 |       0 |   0.0
            +---------+---------+-------+---------+---------+-------
        D:1 |      44 |       0 |   0.0 |      25 |       0 |   0.0
        D:2 |       8 |       0 |   0.0 |       5 |       0 |   0.0
            +---------+---------+-------+---------+---------+-------
